 Dungeon Crawl Stone Soup version 0.18-a0-1089-gaeddbbb (webtiles) character file.

118 wirefist the Insei (level 5, -6/34 HPs)
             Began as an Octopode Transmuter on Jan 16, 2016.
             Killed by nerve-wracking pain
             ... invoked by smeego's ghost
              (13 damage)
             ... on level 3 of the Dungeon.
             The game lasted 00:05:33 (1849 turns).

wirefist the Insei (Octopode Transmuter)            Turns: 1849, Time: 00:05:34

Health: -6/34      AC:  3    Str: 10    XL:     5   Next: 2%
Magic:  17/17      EV: 13    Int: 15    God:
Gold:   49         SH:  0    Dex: 13    Spells: 2 memorised, 6 levels left

rFire  . . .     SeeInvis .       - Unarmed
rCold  . . .     Gourm    .     (no shield)
rNeg   . . .     Faith    .     d - +2 hat
rPois  .         Spirit   .     (no amulet)
rElec  .         Dismiss  .     n - ring of magical power
rCorr  .         Reflect  .     (no ring)
SustAt .         Harm     .     (no ring)
MR     .....                    (no ring)
Stlth  +++.......               (no ring)
                                (no ring)
                                (no ring)
                                (no ring)

@: not resistant to hostile enchantments, fairly stealthy
A: almost no armour, amphibious, 8 rings, constrict 8, camouflage 1, gelatinous
body 1
a: no special abilities


You were on level 3 of the Dungeon.
You were not hungry.

You visited 1 branch of the dungeon, and saw 3 of its levels.

You collected 49 gold pieces.

Inventory:

Missiles
 a - 53 arrows
Armour
 d - a +2 hat (worn)
Jewellery
 n - a ring of magical power (left tentacle)
Wands
 l - a wand of frost (32/48)
Scrolls
 f - a scroll of enchant weapon {unknown}
 g - 2 scrolls of remove curse {unknown}
 k - a scroll of amnesia {unknown}
 m - a scroll of random uselessness {unknown}
Potions
 e - 3 potions of curing {unknown}
 h - a potion of heal wounds {unknown}
Books
 b - a book of Changes

   Spells                             Type                      Level
   a - Beastly Appendage              Transmutation                1
   b - Sticks to Snakes               Transmutation                2
   c - Spider Form                    Transmutation/Poison         3
   d - Ice Form                       Ice/Transmutation            4
   e - Blade Hands                    Transmutation                5
Comestibles
 c - 3 bread rations
 i - 2 meat rations
 j - a slice of pizza


   Skills:
 + Level 2.0 Fighting
 + Level 2.6 Dodging
 + Level 2.8 Stealth
 + Level 3.4 Unarmed Combat
 + Level 2.5 Spellcasting
 + Level 2.6 Transmutations


You had 6 spell levels left.
You knew the following spells:

 Your Spells              Type           Power        Failure   Level  Hunger
a - Beastly Appendage     Trmt           #.....       10%         1    #......
b - Sticks to Snakes      Trmt           #.......     12%         2    ###....


Dungeon Overview and Level Annotations

Branches:
Dungeon (3/15)

Altars:
Elyvilon
Sif Muna
Zin
The Shining One

Annotations:
D:3 smeego's ghost, amateur KoNe


Innate Abilities, Weirdness & Mutations

You cannot wear most types of armour.
You are amphibious.
You can wear up to eight rings at the same time.
You can use your tentacles to constrict eight enemies at once.
Your skin changes colour to match your surroundings (Stealth).
Your rubbery body absorbs attacks (AC +1).


Message History

The adder is lightly wounded.
Smeego's ghost casts a spell at you. Pain shoots through your body!
The adder closely misses you.
You barely miss the adder. You grab the adder. You squeeze the adder.
The adder is heavily wounded.
You constrict the adder. The adder completely misses you.
You tentacle-slap the adder.
You kill the adder!
Your Fighting skill increases to level 2!
You have reached level 5!
You feel stronger.
Your tentacle spike disappears.
Things that are here:
a dagger; 3 tomahawks Smeego's ghost points at you and mumbles some strange words.
Pain shoots through your body!
* * * LOW HITPOINT WARNING * * *
Smeego's ghost gestures at you while chanting.
Pain shoots through your body!
You die...

########## #.....>..# ###
#........# #.. ### #........# #.#
.. ####........# #.# #.#
....#####..### #.# ..#### ....#
#.....# #.# ..... ....#
#.....######.##### #.##. ....#
#........@...W...#####.##. ....##
#.............##..).......
.....####)###......#.####.#..#...
...........#...###...###.)#.#..#.
.....####.)..).# #..........#.##†
####....#.#.÷..# ##...........##.
####..)#....###.....(...#####.
###..((.........####.# #$
###(##...#.#.##.# #.# ..


You could see smeego's ghost.

Vanquished Creatures
  A crimson imp (D:3)
  2 adders
  An ooze (D:3)
  A worm (D:3)
  2 giant geckos (D:1)
  5 orcs (D:3)
  3 giant cockroaches
  6 goblins
  3 hobgoblins
  4 jackals
  A quokka (D:2)
  A bat (D:2)
  2 giant newts (D:2)
  2 kobolds (D:3)
  3 rats
37 creatures vanquished.

Vanquished Creatures (collateral kills)
  Terence (D:2)
1 creature vanquished.

Grand Total: 38 creatures vanquished

Notes
Turn   | Place    | Note
--------------------------------------------------------------
     0 | D:1      | wirefist the Octopode Transmuter began the quest for the Orb.
     0 | D:1      | Reached XP level 1. HP: 13/13 MP: 3/3
   243 | D:1      | Reached skill level 1 in Stealth
   261 | D:1      | Reached XP level 2. HP: 18/18 MP: 3/5
   642 | D:1      | Reached XP level 3. HP: 21/23 MP: 4/6
   779 | D:1      | Learned a level 2 spell: Sticks to Snakes
   922 | D:2      | Noticed Terence
   949 | D:2      | Killed Terence
  1234 | D:2      | Found a deep blue altar of Sif Muna.
  1309 | D:2      | Found a glowing silver altar of Zin.
  1309 | D:2      | Found a glowing golden altar of the Shining One.
  1309 | D:2      | Found a white marble altar of Elyvilon.
  1376 | D:3      | Reached XP level 4. HP: 21/28 MP: 4/7
  1829 | D:3      | Noticed smeego's ghost (amateur KoNe)
  1833 | D:3      | Reached XP level 5. HP: 18/34 MP: 8/8
  1849 | D:3      | Killed from afar by smeego's ghost

Vault maps used:
D:1:      evilmike_arrival_crescent
D:2:      good_gods_mini_temple, led_sif_pool, uniq_terence
D:3:      first_bread

Action                   |  1- 3 |  4- 6 || total
-------------------------+-------+-------++-------
Melee: Unarmed           |    39 |    49 ||    88
 Cast: Beastly Appendage |     8 |     7 ||    15
       Sticks to Snakes  |     2 |       ||     2
 Stab: Sleeping          |     3 |       ||     3
  Eat: Chunk             |     2 |     1 ||     3
